 Dungeon Crawl Stone Soup version bcrawl-1.34.4 (webtiles) character file.

Game seed: 16377015328773078933

368114 KristoblXynda the Carver (level 13, -15/103 HPs)
             Began as a Vampire Gladiator on Oct 24, 2021.
             Was a Priest of Dithmenos.
             Killed from afar by a fire dragon (18 damage)
             ... with a blast of flame
             ... on level 12 of the Dungeon.
             The game lasted 00:27:19 (17172 turns).

KristoblXynda the Carver (Vampire Gladiator)       Turns: 17172, Time: 00:27:20

Health: -15/103    AC: 15    Str: 25    XL:     13   Next: 6%
Magic:  5/18       EV: 22    Int: 10    God:    Dithmenos [***...]
Gold:   607        SH:  6    Dex: 24    Spells: 12/12 levels left

rFire    + . .     SeeInvis +   a - +1 long sword
rCold    . . .     Gourm    .   (no shield)
rNeg     + + .     Faith    .   F - +1 scale mail of Spite {rF+ rC- Dex+5 Stlth+}
rPois    ∞         Spirit   .   c - +0 helmet
rElec    .         Reflect  .   o - +0 cloak
rCorr    +         Harm     .   m - +0 pair of gloves
MR       +....                  B - +1 pair of boots
Stlth    ++++++++++             (no amulet)
HPRegen  0.13/turn              l - ring of resist corrosion
MPRegen  0.16/turn              y - +4 ring of dexterity

@: mighty, regenerating slowly, wreathed by umbra
A: claws 1, fangs 3, see invisible, unbreathing
a: Shadow Step, Renounce Religion


You were on level 12 of the Dungeon.
You worshipped Dithmenos.
Dithmenos was most pleased with you.
You were thirsty.

You visited 2 branches of the dungeon, and saw 13 of its levels.

You collected 649 gold pieces.
You spent 42 gold pieces at shops.

Inventory:

Hand Weapons
 a - a +1 long sword (weapon)
Armour
 c - a +0 helmet (worn)
 m - a +0 pair of gloves (worn)
 o - a +0 cloak (worn)
 B - a +1 pair of boots (worn)
 F - the +1 scale mail of Spite (worn) {rF+ rC- Dex+5 Stlth+}
   (You found it on level 7 of the Dungeon)

   It affects your dexterity (+5).
   It protects you from fire.
   It makes you vulnerable to cold.
   It makes you more stealthy.
Jewellery
 k - an uncursed ring of insulation
 l - a ring of resist corrosion (left hand)
 y - a +4 ring of dexterity (right hand)
Wands
 r - a wand of digging (6)
 C - a wand of iceblast (8)
Scrolls
 h - 2 scrolls of enchant armour
 j - 4 scrolls of remove curse
 v - a scroll of teleportation
 w - 3 scrolls of magic mapping
 x - 2 scrolls of amnesia
 G - a scroll of enchant weapon
Potions
 b - a potion of brilliance {unknown}
 e - 2 potions of cancellation {unknown}
 f - 3 potions of resistance
 n - 4 potions of curing
 p - 3 potions of mutation
 q - 7 potions of blood
 u - 3 potions of flight
 z - 3 potions of haste
 D - a potion of magic
 E - a potion of might


   Skills:
 + Level 9.8 Fighting
 + Level 12.5 Long Blades
 - Level 2.0 Throwing
 + Level 8.5 Armour
 + Level 11.5 Dodging
 - Level 10.3 Stealth
 + Level 7.6 Evocations


You had 12 spell levels left.
You didn't know any spells.
Your spell library was empty.

Dungeon Overview and Level Annotations

Branches:
Dungeon (12/12)            Temple (1/1) D:7            Lair (0/6) D:8
    Orc (0/1) D:9
 Vaults: D:11-12     Depths: D:12

Altars:
Ashenzari
Cheibriados
Dithmenos
Elyvilon
Fedhas
Gozag
Hepliaklqana
Kikubaaqudgha
Lugonu
Makhleb
Nemelex Xobeh
Okawaru
Qazlal
Ru
Sif Muna
Trog
Uskayaw
Vehumet
Wu Jian
Xom
Yredelemnul
Zin
The Shining One

Shops:
D:4 !   D:9 :

Portals:
Trove: D:11 (give +7 great sword)

Annotations:
D:7 3 runed translucent doors, Yakui's ghost, novice EnAc
D:12 Frances


Innate Abilities, Weirdness & Mutations

You heal slowly.
You are immune to poison.
You have sharp fingernails.
You have razor-sharp teeth.
You have supernaturally acute eyesight. (SInv)
You can survive without breathing.


Message History

You block the mana viper's attack. The fire dragon closely misses you.
The fire dragon misses you. The fire dragon tramples you!
* * * LOW HITPOINT WARNING * * *
You stumble backwards!
You barely miss the fire dragon.
The fire dragon is almost dead.
The fire dragon barely misses you.
The fire dragon claws you but does no damage.
The fire dragon tramples you!
* * * LOW HITPOINT WARNING * * *
You stumble backwards!
No path to travel!
As you read the scroll of fear, it crumbles to dust.
You assume a fearsome visage.
The mana viper looks frightened!
The mana viper resists with almost no effort.
The fire dragon looks frightened!
The deep elf mage easily resists.
The mana viper barely misses you. You block the mana viper's attack.
The fire dragon breathes flames at you. You resist.
The blast of flame hits you!!
You die...

#...#############
#########...............#
........................#
........................#######
...#######'##'#........[).....#
...#..........#........)......###
...#..........#.................#
.###..........#.................#
.# ..........##.@########.......#
.#########'#.'.SD# #.......#
...... ...###...# #....####
...............Se# #....#
.................'......#....#
..........######.########....#
.......... #.............# ######
#.............# #....<........#


You could see a fire dragon (fleeing), 2 mana vipers and a deep elf mage.

Vanquished Creatures
  Nessos (D:12)
  3 centaur warriors
  A vault guard (D:12)
  8 two-headed ogres
  A tengu warrior (D:11)
  A deep elf archer (D:12)
  Pikel (D:9)
  A cyclops (D:11)
  A wolf spider zombie (D:11)
  3 ugly things
  6 centaur zombies
  A salamander (D:12)
  2 manticores (D:12)
  4 centaur skeletons
  A gargoyle (D:10)
  A komodo dragon (D:12)
  A tengu conjurer (D:11)
  2 trolls (D:10)
  Prince Ribbit (D:8)
  A hippogriff (D:9)
  Sigmund (D:6)
  An air elemental (D:11)
  A wyvern (D:10)
  A water elemental (D:11)
  7 yaks
  A fire elemental (D:11)
  2 hungry ghosts
  A vampire mosquito (D:12)
  2 crocodiles
  Duvessa (D:6)
  2 water moccasins
  An acid dragon (D:11)
  3 porcupines (D:8)
  7 orc warriors
  A phantom (D:12)
  2 sky beasts
  A slave (D:9)
  A black bear (D:8)
  3 ogres
  3 ice beasts
  2 necrophages
  10 centaurs
  4 big kobolds
  8 bullfrogs
  An earth elemental (D:11)
  Dowan (D:6)
  3 scorpions
  12 wights
  2 howler monkeys
  4 orc priests
  4 crimson imps
  2 bullfrog zombies
  3 jellies
  18 orc wizards
  2 bullfrog skeletons
  Crazy Yiuf (D:2)
  7 hounds
  7 iguanas
  12 worker ants
  A hound skeleton (D:9)
  2 worker ant zombies
  3 howler monkey zombies
  4 gnolls (D:6)
  A howler monkey skeleton (D:8)
  8 adders
  5 shadow imps
  An adder skeleton (D:4)
  A worm (D:3)
  A dart slug (D:1)
  5 leopard geckos
  29 orcs
  6 bats
  4 giant cockroaches
  4 goblins
  11 hobgoblins
  10 jackals
  9 quokkas
  A ball python (D:2)
  5 frilled lizards
  20 kobolds
  4 rats
321 creatures vanquished.

Vanquished Creatures (others)
  An unseen horror (D:12)
  A slave (D:9)
  20 fungi
  9 plants (D:8)
31 creatures vanquished.

Grand Total: 352 creatures vanquished

Notes
Turn   | Place    | Note
-------+----------+-------------------------------------------
     0 | D:1      | KristoblXynda the Vampire Gladiator began the quest for the
                  | Orb.
     0 | D:1      | Reached XP level 1. HP: 17/17 MP: 1/1
   230 | D:1      | Reached XP level 2. HP: 23/23 MP: 2/2
   899 | D:2      | Reached skill level 4 in Long Blades
   919 | D:2      | Reached XP level 3. HP: 22/29 MP: 3/3
  1118 | D:2      | Noticed a scorpion
  1128 | D:2      | Killed a scorpion
  1129 | D:2      | Reached skill level 1 in Stealth
  1129 | D:2      | Reached XP level 4. HP: 26/35 MP: 4/4
  1358 | D:2      | Found a sacrificial altar of Ru.
  1389 | D:2      | Found a sparkling altar of Nemelex Xobeh.
  1602 | D:2      | Found a runed door.
  1943 | D:2      | Found a white marble altar of Elyvilon.
  1945 | D:2      | Found a sacrificial altar of Ru.
  1947 | D:2      | Found a basalt altar of Yredelemnul.
  2147 | D:3      | Reached XP level 5. HP: 20/41 MP: 5/5
  2625 | D:3      | Noticed a necrophage
  2805 | D:3      | Killed a necrophage
  2806 | D:3      | Reached skill level 5 in Long Blades
  2806 | D:3      | Reached XP level 6. HP: 32/48 MP: 6/6
  2928 | D:2      | Noticed Crazy Yiuf
  2934 | D:2      | Killed Crazy Yiuf
  3361 | D:4      | Reached skill level 5 in Dodging
  3451 | D:4      | Reached skill level 5 in Stealth
  3451 | D:4      | Reached XP level 7. HP: 50/54 MP: 7/7
  4267 | D:4      | Reached skill level 6 in Long Blades
  4679 | D:4      | Found Jeiresun's Distillery.
  4690 | D:4      | Bought a potion of degeneration for 12 gold pieces
  4690 | D:4      | Bought a potion of curing for 30 gold pieces
  5004 | D:5      | Entered Level 5 of the Dungeon
  5079 | D:5      | Reached skill level 1 in Armour
  5079 | D:5      | Reached XP level 8. HP: 32/61 MP: 8/8
  5091 | D:5      | Reached skill level 5 in Fighting
  5410 | D:5      | Reached skill level 7 in Long Blades
  5633 | D:5      | Found an opulent altar of Gozag.
  5719 | D:5      | Found a glowing silver altar of Zin.
  5845 | D:6      | Noticed Dowan
  5854 | D:6      | Noticed Duvessa
  5924 | D:6      | Killed Duvessa
  5934 | D:6      | Killed Dowan
  6081 | D:6      | HP: 3/64 [gnoll/+0 spear (4)]
  6520 | D:6      | Reached XP level 9. HP: 58/69 MP: 9/9
  6593 | D:6      | Reached skill level 8 in Long Blades
  6672 | D:6      | Found a faded altar of an unknown god.
  6690 | D:6      | Found a hazy altar of Hepliaklqana.
  6692 | D:6      | Found a faded altar of an unknown god.
  7064 | D:6      | Noticed Sigmund
  7073 | D:6      | Killed Sigmund
  7632 | D:7      | Found a runed translucent gate.
  7632 | D:7      | Found a runed translucent gate.
  7633 | D:7      | Found a runed translucent gate.
  7633 | D:7      | Noticed Yakui's ghost (novice EnAc)
  7634 | D:7      | Identified the cursed +0 short sword "Peaxeij" {venom,
                  | rElec MR+ Int+4}
  7636 | D:7      | Noticed a kobold demonologist
  7739 | D:7      | Found a staircase to the Ecumenical Temple.
  7827 | Temple   | Entered the Ecumenical Temple
  8061 | Temple   | Became a worshipper of Dithmenos the Shadowed
  8164 | D:7      | Got a buzzing scale mail
  8165 | D:7      | Identified the +1 scale mail of Spite {rF+ rC- Dex+5
                  | Stlth+} (You found it on level 7 of the Dungeon)
  8645 | D:8      | Noticed Prince Ribbit
  8901 | D:8      | Killed Prince Ribbit
  9134 | D:8      | Reached skill level 10 in Stealth
  9199 | D:8      | Found a staircase to the Lair.
  9224 | D:8      | Reached XP level 10. HP: 50/77 MP: 10/10
  9258 | D:8      | Reached skill level 9 in Long Blades
  9471 | D:8      | Reached * piety under Dithmenos
  9787 | D:8      | Found a snail-covered altar of Cheibriados.
  9899 | D:8      | Reached skill level 1 in Evocations
 10226 | D:9      | Reached skill level 5 in Armour
 10617 | D:9      | Noticed a two-headed ogre
 10630 | D:9      | Killed a two-headed ogre
 10826 | D:9      | Found a staircase to the Orcish Mines.
 11197 | D:9      | Noticed Pikel
 11227 | D:9      | Killed Pikel
 11236 | D:9      | Found Rotta's Book Emporium.
 11327 | D:9      | Reached skill level 10 in Long Blades
 11547 | D:10     | Entered Level 10 of the Dungeon
 11555 | D:10     | Noticed a gargoyle
 11578 | D:10     | Killed a gargoyle
 11579 | D:10     | Reached XP level 11. HP: 11/85 MP: 13/13
 12078 | D:10     | Reached ** piety under Dithmenos
 12282 | D:10     | Noticed a two-headed ogre
 12293 | D:10     | Killed a two-headed ogre
 13026 | D:11     | Noticed a centaur warrior
 13041 | D:11     | Killed a centaur warrior
 13042 | D:11     | Noticed a cyclops
 13059 | D:11     | Killed a cyclops
 13092 | D:11     | Reached skill level 10 in Dodging
 13103 | D:11     | Reached skill level 5 in Evocations
 13217 | D:11     | Noticed a two-headed ogre
 13234 | D:11     | Killed a two-headed ogre
 13269 | D:11     | Reached skill level 11 in Long Blades
 13575 | D:11     | Noticed a two-headed ogre
 13589 | D:11     | Killed a two-headed ogre
 13707 | D:11     | Noticed a tengu warrior
 13713 | D:11     | Noticed a two-headed ogre
 13742 | D:11     | Noticed a two-headed ogre
 13743 | D:11     | Killed a tengu warrior
 13756 | D:11     | Killed a two-headed ogre
 13757 | D:11     | Reached XP level 12. HP: 42/94 MP: 16/16
 13770 | D:11     | Killed a two-headed ogre
 13770 | D:11     | Reached *** piety under Dithmenos
 14738 | D:11     | Found a portal to a secret trove of treasure.
 14904 | D:11     | Found a large runed door.
 14904 | D:11     | Found a large runed door.
 15188 | D:12     | Entered Level 12 of the Dungeon
 15901 | D:12     | Noticed Nessos
 15903 | D:12     | Noticed a centaur warrior
 15911 | D:12     | Killed Nessos
 15914 | D:12     | Noticed Frances
 15932 | D:12     | Noticed a centaur warrior
 15937 | D:12     | Reached skill level 12 in Long Blades
 15958 | D:12     | Killed a centaur warrior
 15979 | D:12     | Noticed a vault guard
 16012 | D:12     | Killed a vault guard
 16058 | D:12     | Noticed a two-headed ogre
 16088 | D:12     | Noticed a fire dragon
 16130 | D:12     | Noticed an ogre mage
 16181 | D:12     | Killed a two-headed ogre
 16324 | D:12     | Noticed an emperor scorpion
 16327 | D:12     | Noticed a two-headed ogre
 17085 | D:12     | Killed a centaur warrior
 17086 | D:12     | Reached XP level 13. HP: 101/103 MP: 18/18
 17171 | D:12     | HP: 3/103 [fire dragon (8)]
 17172 | D:12     | Killed from afar by a fire dragon

Skill      XL: |  1  2  3  4  5  6  7  8  9 10 11 12 |
---------------+-------------------------------------+-----
Fighting       | 3 4 5 6 7 8 9 |  9.8
Long Blades    | 4 5 6 7 8 10 11 12 | 12.5
Throwing       | 2 |  2.0
Dodging        | 4 5 6 8 9 10 11 | 11.5
Stealth        | 1 2 3 5 6 8 10 | 10.3
Armour         | 1 2 4 5 7 8 |  8.5
Evocations     | 3 5 7 |  7.6

Action                   |  1- 3 |  4- 6 |  7- 9 | 10-12 | 13-15 || total
-------------------------+-------+-------+-------+-------+-------++-------
Melee: Long sword        |    62 |   144 |   523 |  1029 |    32 ||  1790
       Bite              |     5 |    18 |    88 |   236 |     8 ||   355
Throw: Throwing net      |       |     2 |       |     1 |       ||     3
Evoke: Wand              |       |       |     2 |    10 |       ||    12
  Use: Scroll            |       |     5 |     9 |     9 |     1 ||    24
       Potion            |       |     8 |    24 |    29 |     1 ||    62
 Stab: Sleeping          |     4 |    11 |    14 |    34 |     1 ||    64
       Paralysed         |       |       |       |    14 |       ||    14
       Distracted        |       |       |       |     3 |       ||     3
       Held in net/web   |       |       |       |     2 |       ||     2
Armor: Leather armour    |    20 |    23 |   162 |    55 |       ||   260
       Ring mail         |       |       |    25 |       |       ||    25
       Scale mail        |       |       |       |   122 |     9 ||   131
Dodge: Dodged            |    41 |   102 |   513 |   748 |    30 ||  1434
Block: Other             |       |     3 |    68 |   200 |     8 ||   279
